 Dungeon Crawl Stone Soup version 0.28.0 (webtiles) character file.

Game seed: 1390670270145062804

56 Akaron the Digger (level 3, 0/19 (21) HPs)
             Began as an Octopode Earth Elementalist on Feb 7, 2022.
             Slain by Terence (2 damage)
             ... on level 2 of the Dungeon.
             The game lasted 00:02:10 (1566 turns).

Akaron the Digger (Octopode Earth Elementalist)     Turns: 1566, Time: 00:02:10

HP:   0/19 (21)     AC:  5    Str:  7    XL:     3   Next: 95%
MP:   1/7           EV: 13    Int: 19    God:
Gold: 80            SH:  0    Dex: 12    Spells: 6/7 levels left

rFire   x . .      SeeInvis .   d - +0 dagger (venom)
rCold   + . .      Faith    .   (no shield)
rNeg    . . .      Spirit   .   (helmet restricted)
rPois   .          Reflect  .   (no amulet)
rElec   .          Harm     .   h - ring of ice
rCorr   .          Rampage  .   k - +4 ring of protection
Will    .....                   (no ring)
Stlth   +++.......              (no ring)
HPRegen 0.06/turn               (no ring)
MPRegen 0.10/turn               (no ring)
                                (no ring)
                                (no ring)

@: very slightly contaminated, drained
A: almost no armour, amphibious, 8 rings, camouflage 1, gelatinous body 1,
(nimble swimmer 1), tentacles
a: no special abilities


You were on level 2 of the Dungeon.
You visited 1 branch of the dungeon, and saw 2 of its levels.

You collected 80 gold pieces.

Inventory:

Hand Weapons
 d - a +0 dagger of venom (weapon)
Missiles
 b - 16 stones
Jewellery
 h - a ring of ice (left tentacle)
 k - a +4 ring of protection (right tentacle)
Scrolls
 a - a scroll of fog {unknown}
 f - a scroll of identify {unknown}
 i - a scroll of enchant armour {unknown}
 l - a scroll of immolation {unknown}
 m - a scroll of torment {unknown}
Potions
 c - a potion of brilliance {unknown}
 e - a potion of mutation {unknown}
 g - 2 potions of curing {unknown}
 j - a potion of attraction {unknown}


   Skills:
 + Level 2.0 Dodging
 - Level 2.6 Stealth
 + Level 2.9 Spellcasting
 * Level 1.3 Conjurations
 + Level 1.0 Transmutations
 + Level 3.6 Earth Magic


You had 6 spell levels left.
You knew the following spells:

 Your Spells              Type           Power      Damage    Failure   Level
a - Sandblast             Erth           32%        2d9       3%          1

Your spell library contained the following spells:

 Spells                   Type           Power      Damage    Failure   Level
 Passwall                 Tmut/Erth      9%         N/A       9%          2
 Stone Arrow              Conj/Erth      24%        3d8       17%         3
 Petrify                  Tmut/Erth      11%        N/A       52%         4


Dungeon Overview and Level Annotations

Branches:
Dungeon (2/15)

Altars:

Annotations:
D:2 Terence


Innate Abilities, Weirdness & Mutations

You cannot wear most types of armour.
You are amphibious.
You can wear up to eight rings at the same time.
Your skin changes colour to match your surroundings (Stealth+).
Your rubbery body absorbs attacks. (AC +1, EV +1)
((You are camouflaged when in or above water. (Stealth+)))
You have tentacles for arms and can constrict up to eight enemies at once.


Message History

You now have 80 gold pieces (gained 8).
Terence the Incautious comes into view.
He is wielding the +7 Throatcutter {drain, coup de grace}.
The blast of sand hits Terence.
Terence is lightly wounded.
The blast of sand hits Terence.
Terence is heavily wounded.
The blast of sand hits Terence but does no damage.
Terence is heavily wounded.
Terence hits you with the +7 Throatcutter {drain, coup de grace}!
You feel drained.
* * * LOW HITPOINT WARNING * * *
You are too injured to fight recklessly!
Casting: Sandblast (safe; 3% risk of failure)
Confirm with . or Enter, or press ? or * to list all spells.
Aiming: Sandblast (safe; 3% risk of failure)
Press: ? - help, Shift-Dir - straight line, f/p - Terence
Aim: Terence, wielding the +7 Throatcutter {drain, coup de grace} and wearing a +0 scale mail (heavily wounded, 82% to hit)
The blast of sand hits Terence.
Terence is heavily wounded.
Terence misses you.
Casting: Sandblast (safe; 3% risk of failure)
Confirm with . or Enter, or press ? or * to list all spells.
Aiming: Sandblast (safe; 3% risk of failure)
Press: ? - help, Shift-Dir - straight line, f/p - Terence
Aim: Terence, wielding the +7 Throatcutter {drain, coup de grace} and wearing a +0 scale mail (heavily wounded, 82% to hit)
The blast of sand hits Terence.
Terence is almost dead.
Terence misses you.
Casting: Sandblast (safe; 3% risk of failure)
Confirm with . or Enter, or press ? or * to list all spells.
Aiming: Sandblast (safe; 3% risk of failure)
Press: ? - help, Shift-Dir - straight line, f/p - Terence
Aim: Terence, wielding the +7 Throatcutter {drain, coup de grace} and wearing a +0 scale mail (almost dead, 82% to hit)
You miscast Sandblast.
You are very lightly contaminated with residual magic.
Nothing appears to happen.
Terence hits you with the +7 Throatcutter {drain, coup de grace}.
* * * LOW HITPOINT WARNING * * *
You feel drained.
You die...

###.#.###.....
####.#....†####
#.......†......
#.#####.####### ..
#.# ## #.## #..#
############.######
#.@................
#@##############.##
#. #..# #. ##.† #.
## #. ..####. ##
#...... ######. #.


You could see Terence.

Vanquished Creatures
  An adder (D:2)
  2 worms (D:2)
  A dart slug (D:1)
  A giant cockroach (D:2)
  A hobgoblin (D:1)
  4 jackals (D:1)
  5 quokkas
  2 ball pythons (D:1)
  5 bats
  4 frilled lizards
  4 goblins (D:1)
  5 kobolds
  3 rats
38 creatures vanquished.

Notes
Turn   | Place    | Note
-------+----------+-------------------------------------------
     0 | D:1      | Akaron the Octopode Earth Elementalist began the quest for
                  | the Orb.
     0 | D:1      | Reached XP level 1. HP: 11/11 MP: 3/3
   185 | D:1      | Found a faded altar of an unknown god.
   355 | D:1      | Reached XP level 2. HP: 14/17 MP: 0/5
   572 | D:1      | Reached skill level 1 in Conjurations
   891 | D:1      | Reached XP level 3. HP: 21/21 MP: 1/6
  1560 | D:2      | Noticed Terence
  1566 | D:2      | Slain by Terence

Illustrated notes

Levels and vault maps discovered:
D:1:      wander_arrival_desolate, layout_loops_cross,
          ebering_ecumenical_altar_box
D:2:      layout_rooms, basic_altar, uniq_terence, uniq_natasha

Skill      XL: |  1  2 |
---------------+-------+-----
Conjurations   | 1 |  1.3
Dodging        | |  2.0
Stealth        | |  2.6
Spellcasting   | |  2.9
Transmutations | |  1.0
Earth Magic    | |  3.6

Action                   || total
-------------------------++-------
Melee: Dagger            ||    12
       Constrict         ||     5
       Tentacles         ||     2
       Punch             ||     1
 Cast: Sandblast         ||    54
Armor: Skin              ||     2
Dodge: Dodged            ||    23
